 Dungeon Crawl Stone Soup version 0.28-a0-909-g796cbd3a86 (webtiles) character file.

Game seed: 7387790930856242460

14 croobank the Insei (level 2, -3/18 HPs)
             Began as an Octopode Transmuter on Nov 24, 2021.
             Slain by a gnoll (9 damage)
             ... on level 1 of the Dungeon.
             The game lasted 00:03:09 (661 turns).

croobank the Insei (Octopode Transmuter)             Turns: 661, Time: 00:03:10

Health: -3/18      AC:  1    Str:  9    XL:     2   Next: 41%
Magic:  3/5        EV: 13    Int: 15    God:
Gold:   46         SH:  0    Dex: 12    Spells: 1/5 levels left

rFire   . . .      SeeInvis .   e - +1 dagger (vamp)
rCold   . . .      Faith    .   (no shield)
rNeg    . . .      Spirit   .   (helmet restricted)
rPois   .          Reflect  .   (no amulet)
rElec   .          Harm     .   (no ring)
rCorr   .          Rampage  .   (no ring)
Will    .....                   (no ring)
Stlth   ++........              (no ring)
HPRegen 0.06/turn               (no ring)
MPRegen 0.09/turn               (no ring)
                                (no ring)
                                (no ring)

@: wereblooded
A: almost no armour, amphibious, 8 rings, camouflage 1, gelatinous body 1,
(nimble swimmer 1), tentacles
a: no special abilities


You were on level 1 of the Dungeon.
You visited 1 branch of the dungeon, and saw 1 of its levels.

You collected 46 gold pieces.

Inventory:

Hand Weapons
 e - a +1 vampiric dagger (weapon)
Scrolls
 a - a scroll of identify {unknown}
 b - a scroll of enchant armour {unknown}
 c - a scroll of teleportation {unknown}
Potions
 d - a potion of curing {unknown}


   Skills:
 + Level 1.0 Fighting
 + Level 2.1 Dodging
 + Level 3.4 Unarmed Combat
 + Level 2.1 Spellcasting
 + Level 2.2 Transmutations


You had one spell level left.
You knew the following spells:

 Your Spells              Type           Power      Damage    Failure   Level
a - Beastly Appendage     Tmut           16%        N/A       9%          1
b - Magic Dart            Conj           4%         1d3       22%         1
c - Wereblood             Tmut           8%         N/A       14%         2

Your spell library contained the following spells:

 Spells                   Type           Power      Damage    Failure   Level
 Call Imp                 Summ           1%         N/A       32%         2
 Sublimation of Blood     Necr           1%         N/A       32%         2
 Spider Form              Tmut/Pois      4%         N/A       38%         3
 Mephitic Cloud           Conj/Pois/Air  1%         N/A       54%         3
 Ice Form                 Ice/Tmut       4%         N/A       80%         4
 Summon Hydra             Summ           0%         N/A       100%        7


Dungeon Overview and Level Annotations

Branches:
Dungeon (1/15)

Altars:


Innate Abilities, Weirdness & Mutations

You cannot wear most types of armour.
You are amphibious.
You can wear up to eight rings at the same time.
Your skin changes colour to match your surroundings (Stealth+).
Your rubbery body absorbs attacks. (AC +1, EV +1)
((You are camouflaged near water. (Stealth+)))
You have tentacles for arms and can constrict up to eight enemies at once.


Message History

The goblin closely misses you.
Okay, then.
Casting: Beastly Appendage (safe; 9% risk of failure)
Confirm with . or Enter, or press ? or * to list all spells.
Your blood is infused with primal strength.
The goblin hits you with a +0 club.
You closely miss the goblin. You grab the goblin.
The goblin is moderately wounded.
You constrict the goblin. The goblin hits you with a +0 club.
You hit the goblin.
You feel better.
The goblin is severely wounded.
You constrict the goblin.
You feel a bit better.
You kill the goblin!
An endoplasm comes into view.
The gnoll closely misses you.
The endoplasm quivers.
You hit the gnoll but do no damage. Your grab misses the gnoll.
You howl as the wereblood boils in your veins!
The gnoll closely misses you.
You hit the gnoll but do no damage. Your grab misses the gnoll.
The gnoll hits you with a +0 flail of protection.
You hit the gnoll but do no damage. You grab the gnoll.
Your tentacle spike misses the gnoll.
You constrict the gnoll, but do no damage.
The gnoll misses you.
You hit the gnoll.
You pierce the gnoll.
The gnoll is heavily wounded.
You constrict the gnoll, but do no damage.
The gnoll closely misses you.
You hit the gnoll but do no damage.
You pierce the gnoll.
The gnoll is severely wounded.
Your tentacle spike disappears.
You constrict the gnoll.
The gnoll hits you with a +0 flail of protection!
You hit the gnoll but do no damage.
The gnoll is almost dead.
You constrict the gnoll, but do no damage.
The gnoll hits you with a +0 flail of protection!
Ouch! That really hurt!
You die...

... #.##.# #. ##
#.##.###
...#######......#
##......#.......#
.)..............#
........###.....#
.........##.....#
#
##.##..#..#.....#
# ##..##..@#####
....####g######
........gKB.....#
.#........J....#..
...............#
..#.....PP.PP... .
#....PPPP.PP..
#....P..PP.P..
.....P.P......


You could see a gnoll, an endoplasm, a giant cockroach, a goblin and a kobold.

Vanquished Creatures
  A giant cockroach (D:1)
  4 goblins (D:1)
  2 hobgoblins (D:1)
  A quokka (D:1)
  A ball python (D:1)
  3 frilled lizards (D:1)
12 creatures vanquished.

Vanquished Creatures (others)
  A withered plant (D:1)
1 creature vanquished.

Grand Total: 13 creatures vanquished

Notes
Turn   | Place    | Note
-------+----------+-------------------------------------------
     0 | D:1      | croobank the Octopode Transmuter began the quest for the
                  | Orb.
     0 | D:1      | Reached XP level 1. HP: 13/13 MP: 3/3
     8 | D:1      | Learned a level 1 spell: Magic Dart
    48 | D:1      | Found a faded altar of an unknown god.
   402 | D:1      | Reached XP level 2. HP: 18/18 MP: 3/5
   447 | D:1      | Learned a level 2 spell: Wereblood
   661 | D:1      | Slain by a gnoll

Illustrated notes

Levels and vault maps discovered:
D:1:      minmay_arrival_four_circles, layout_rooms,
          shapermc_ecumenical_altar_gd, chequers_mini_garden,
          nicolae_grassy_gnolls

Action                   || total
-------------------------++-------
Melee: Unarmed           ||    29
       Kick              ||     9
       Constrict         ||     9
       Tentacles         ||     5
       Dagger            ||    10
 Cast: Beastly Appendage ||     9
       Wereblood         ||     1
 Stab: Sleeping          ||     1
Armor: Skin              ||     1
Dodge: Dodged            ||    24

Table legend: (Time is in decaauts)
 A = Elapsed time spent in this place.
 B = Non-inter-level travel time spent in this place.
 C = Inter-level travel time spent in this place.
 D = Time resting spent in this place.
 E = Time spent auto-exploring this place.
 F = Levels seen in this place.
 G = Mean time per level.
                   A        B        C        D        E       F      G
               +--------+--------+--------+--------+--------+-----+--------+
         Total |    659 |    659 |      0 |      0 |    509 |   1 |  659.0 |
       Dungeon |    659 |    659 |      0 |      0 |    509 |   1 |  659.0 |
               +--------+--------+--------+--------+--------+-----+--------+

Top non-repeatable levels by time:
     D:1: 659 daAuts
